Map: Tours du crépuscule

Players

zidar

  • Race: Zerg Zerg
  • League: Gold
  • Spawn Location: 7:00

GeffTheGoat - Winner!

  • Race: Zerg Zerg
  • League: Silver
  • Spawn Location: 1:00

VOD

Have the link to the VOD?

Description

Time

  • Played on: May 16, 2016, 3:05 p.m.
  • Length: 10:54
Show
View Real Time Build Order
Export as new Build Order

zidar Zerg 

Build Orders: Pool First 

Get SALT Encoding   

  12  0:02  Drone  
  13  0:09  Drone  
  14  0:17  Overlord  
  14  0:21  Extractor  
  13  0:23  Drone  
  15  0:35  Drone  
  16  0:36  Drone  
  17  0:47  Spawning Pool  
  16  0:53  Drone  
  17  1:16  Hatchery  
  17  1:17  Drone  
  17  1:21  Extractor  
  17  1:22  Drone  
  17  1:37  Zergling x4  
  19  1:40  Queen  
  21  1:49  Overlord  
  21  1:53  Drone  
  22  2:21  Hatchery  
  21  2:24  Metabolic Boost  
  21  2:29  Drone  
  22  2:47  Zergling x6  
  25  3:18  Zergling x4  
  25  3:19  Zergling x10  
  32  3:26  Queen  
  32  3:27  Baneling Nest  
  33  3:55  Zergling x14  
  40  4:03  Overlord  
  29  4:32  Zergling x14  
  29  4:45  Zergling x6  
  29  5:21  Zergling x18  
  30  5:39  Drone x4  
  34  5:53  Lair  
  34  6:00  Zergling x4  
  34  6:02  Zergling x2  
  37  6:13  Drone x3  
  35  6:29  Zergling x12  
  33  6:48  Spine Crawler  
  33  6:50  Spine Crawler  
  25  7:01  Zergling x4  
  25  7:02  Zergling x10  
  32  7:28  Spire  
  31  7:31  Extractor, Drone x3  
  33  7:48  Zergling x12  
  38  8:11  Zergling x16  
  40  8:32  Zergling x2  
  40  8:33  Zergling x2  
  31  8:59  Mutalisk x7  
  40  9:34  Hatchery  
  39  9:51  Overlord  
  39  9:52  Overlord x3  
  37  10:11  Zergling x14  
Show
View Real Time Build Order
Export as new Build Order

GeffTheGoat Zerg - Winner!

Build Orders: Pool First 

Get SALT Encoding   

  12  0:01  Drone  
  13  0:12  Overlord  
  13  0:17  Drone  
  14  0:31  Drone x2  
  16  0:41  Drone  
  17  0:48  Extractor, Drone  
  17  0:55  Spawning Pool  
  16  0:58  Drone  
  17  1:11  Drone  
  18  1:17  Drone  
  19  1:28  Overlord  
  19  1:43  Queen  
  19  1:45  Drone  
  22  1:57  Hatchery  
  21  2:04  Zergling x4  
  21  2:05  Metabolic Boost  
  23  2:15  Baneling Nest  
  23  2:17  Drone  
  23  2:28  Zergling x2  
  24  2:35  Queen  
  27  2:37  Zergling x2  
  27  2:54  Overlord  
  27  2:55  Zergling x6  
  30  3:20  Zergling x2  
  30  3:21  Zergling x8  
  35  3:28  Drone x2  
  35  3:33  Queen  
  39  3:40  Baneling  
  39  3:41  Baneling x3  
  39  3:47  Drone x4  
  44  3:48  Zergling x2  
  44  3:53  Overlord  
  34  4:27  Drone x8  
  29  4:42  Zergling x6  
  32  4:59  Drone  
  33  5:00  Zergling x6, Drone x2  
  31  5:26  Zergling x12  
  36  5:32  Drone  
  36  5:33  Drone x3  
  40  5:47  Baneling x3  
  40  5:48  Zergling x4, Baneling  
  40  5:49  Zergling x2  
  36  6:37  Zergling x6  
  36  6:38  Zergling x8  
  40  6:58  Zergling x6  
  40  6:59  Hatchery  
  40  7:05  Drone  
  40  7:21  Spore Crawler  
  39  7:23  Spore Crawler  
  39  7:28  Drone x4  
  39  7:29  Zergling x4  
  44  7:33  Baneling x5  
  36  8:08  Zergling x16  
  36  8:09  Zergling x6  
  36  8:12  Drone x3  
  48  8:30  Baneling x5  
  48  8:31  Drone x3  
  48  8:32  Drone  
  48  8:59  Drone x4  
  48  9:00  Zergling x6  
  54  9:05  Drone x2  
  54  9:06  Drone  
  54  9:07  Overlord  
  54  9:32  Drone x2  
  54  9:33  Zergling x8, Drone x2  
  60  9:54  Zergling x8  
  62  10:07  Spore Crawler  
  62  10:09  Spore Crawler  
  62  10:10  Queen  
  62  10:11  Queen  
  58  10:14  Queen  
  58  10:20  Zergling x8  
  58  10:21  Zergling x4  
  65  10:22  Overlord x2  
  62  10:36  Spore Crawler  
  62  10:39  Spore Crawler  
Tags
 
Add a new tag
Caveats
  • Supply blocks, unpowered buildings, or Contaminate may cause inaccurate times.
  • Supply counts are checked every 10 seconds.